Map: Golden Wall LE

Players

Lozing

  • Race: Protoss Protoss
  • League: Silver
  • Spawn Location: 7:00

ShenaniGans - Winner!

  • Race: Protoss Protoss
  • League: Master
  • Spawn Location: 5:00

VOD

Have the link to the VOD?

Description

Time

  • Played on: July 22, 2020, 5:11 p.m.
  • Length: 5:14
Show
View Real Time Build Order
Export as new Build Order

Lozing Protoss 

Build Orders:  

Get SALT Encoding   

  12  0:02  Probe  
  13  0:14  Probe  
  14  0:26  Pylon  
  14  0:27  Probe  
  15  0:44  Probe  
  15  0:49  Gateway  
  16  0:53  Probe  
  17  0:57  Assimilator  
  17  1:01  Probe  
  17  1:02  Assimilator  
  17  1:11  Probe  
  18  1:15  Gateway  
  19  1:25  Probe  
  20  1:36  Probe  
  21  1:43  Cybernetics Core  
  21  1:44  Probe  
  21  1:52  Probe  
  23  2:06  Warp Gate  
  23  2:09  Pylon  
  23  2:27  Stalker x2  
  27  2:38  Probe  
  28  2:44  Nexus  
  28  3:01  Robotics Facility  
  28  3:08  Probe  
  29  3:14  Shield Battery  
  29  3:21  Probe  
  29  3:22  Twilight Council  
  30  3:33  Probe  
  31  3:54  Pylon  
  31  3:55  Warp Prism  
  31  3:57  Pylon  
  31  4:00  Probe x2  
  35  4:30  Probe x2  
  37  4:36  Gateway  
  37  4:39  Gateway  
  37  4:43  Stalker  
  37  4:45  Zealot  
Show
View Real Time Build Order
Export as new Build Order

ShenaniGans Protoss - Winner!

Build Orders:  

Get SALT Encoding   

  12  0:01  Probe  
  13  0:13  Probe  
  14  0:18  Pylon  
  14  0:25  Probe  
  15  0:33  Probe  
  15  0:40  Gateway  
  16  0:44  Assimilator  
  16  0:45  Probe  
  17  0:56  Probe  
  18  1:04  Probe  
  19  1:12  Probe  
  20  1:19  Gateway  
  20  1:23  Probe  
  21  1:31  Cybernetics Core  
  21  1:35  Probe  
  21  1:39  Assimilator  
  22  1:47  Pylon, Probe  
  22  1:54  Warp Gate  
  23  2:05  Probe  
  24  2:09  Stalker x2  
  28  2:23  Gateway  
  28  2:39  Pylon  
  28  2:42  Stalker  
  30  2:56  Stalker  
  32  3:04  Gateway  
  32  3:10  Stalker  
  32  3:12  Pylon  
  34  3:31  Gateway  
  34  3:59  Stalker x4  
  42  4:11  Pylon  
  42  4:23  Stalker x2  
  46  4:44  Stalker x3  
  52  4:55  Stalker  
  54  5:07  Robotics Facility  
Tags
 
Matchup
PvP
Spawn Locations
Close Positions
Add a new tag
Caveats
  • Supply blocks, unpowered buildings, or Contaminate may cause inaccurate times.
  • Supply counts are checked every 10 seconds.